 Dungeon Crawl Stone Soup version 0.28.0-53-g5a82cb258f (webtiles) character file.

Game seed: 17957924504347527158

629 Godmorgon the Cudgeller (level 7, -4/62 HPs)
             Began as a Minotaur Fighter on Aug 13, 2022.
             Slain by a two-headed ogre
             ... wielding a +0 giant club
              (28 damage)
             ... on level 5 of the Dungeon on Aug 14, 2022.
             The game lasted 00:13:44 (4602 turns).

Godmorgon the Cudgeller (Minotaur Fighter)          Turns: 4602, Time: 00:13:44

Health: -4/62      AC: 12    Str: 23    XL:     7   Next: 23%
Magic:  15/15      EV:  7    Int:  5    God:
Gold:   194        SH:  4    Dex:  9    Spells: 6/6 levels left

rFire   . . .      SeeInvis .   a - +0 flail
rCold   . . .      Faith    .   c - +0 buckler
rNeg    . . .      Spirit   .   s - +1 chain mail {Will+}
rPois   .          Reflect  .   (helmet restricted)
rElec   .          Harm     .   (no cloak)
rCorr   .          Rampage  .   (no gloves)
Will    +....                   f - +0 pair of boots
Stlth   ..........              (no amulet)
HPRegen 0.20/turn               j - ring of magical power
MPRegen 0.14/turn               (no ring)

@: no status effects
A: horns 2, retaliatory headbutt
a: no special abilities


You were on level 5 of the Dungeon.
You visited 1 branch of the dungeon, and saw 5 of its levels.
You also visited: Sewer.

You collected 194 gold pieces.

Inventory:

Hand Weapons
 a - a +0 flail (weapon)
 v - a +0 eveningstar
Missiles
 i - 65 stones (quivered)
 n - a throwing net
Armour
 c - a +0 buckler (worn)
 f - a +0 pair of boots (worn)
 r - the +0 tower shield "Gayfiv" {Harm rPois rCorr}
   (You found it in a sewer)

   rPois:     It protects you from poison.
   rCorr:     It protects you from acid and corrosion.
   Harm:      It increases damage dealt and taken.
 s - a +1 chain mail of willpower (worn)
Jewellery
 j - a ring of magical power (left hand)
Wands
 q - a wand of charming (4)
 x - a wand of iceblast (5)
Scrolls
 b - a scroll of enchant armour {unknown}
 g - 3 scrolls of enchant weapon {unknown}
 k - 3 scrolls of identify {unknown}
 l - a scroll of blinking {unknown}
 o - 2 scrolls of immolation {unknown}
 t - 2 scrolls of magic mapping {unknown}
 u - a scroll of teleportation {unknown}
Potions
 d - a potion of might
 e - 4 potions of curing
 h - a potion of haste {unknown}
 m - a potion of attraction {unknown}
 p - 2 potions of heal wounds {unknown}
 w - a potion of lignification {unknown}
 z - a potion of brilliance {unknown}


   Skills:
 + Level 5.6 Fighting
 * Level 6.3 Maces & Flails
 - Level 1.5 Throwing
 + Level 5.5 Armour
 - Level 5.0 Shields


You had 6 spell levels left.
You didn't know any spells.
Your spell library was empty.

Dungeon Overview and Level Annotations

Branches:
Dungeon (5/15)              Sewer (visited)
 Temple: D:4-7

Altars:


Innate Abilities, Weirdness & Mutations

You have a pair of horns on your head.
You reflexively headbutt those who attack you in melee.


Message History

Found 7 stones.
Found a chain mail.
The two-headed ogre shouts in stereo!
You see here a fuming ruby potion.
There is a stone staircase leading up here.
Aiming: Charm
Press: ? - help, Shift-Dir - straight line, f - two-headed ogre
Aim: a two-headed ogre, wielding two +0 giant clubs (chance to affect: 31%)
Okay, then.
Unknown command.
Aiming: Iceblast
Press: ? - help, Shift-Dir - straight line, f - two-headed ogre
Aim: a two-headed ogre, wielding two +0 giant clubs The mass of ice explodes!
The iceblast engulfs the two-headed ogre!
The two-headed ogre is moderately wounded.
Aiming: Iceblast
Press: ? - help, Shift-Dir - straight line, f/p - two-headed ogre
Aim: a two-headed ogre, wielding two +0 giant clubs (moderately wounded)
The mass of ice explodes!
The iceblast engulfs the two-headed ogre!
The two-headed ogre is heavily wounded.
Aiming: Iceblast
Press: ? - help, Shift-Dir - straight line, f/p - two-headed ogre
Aim: a two-headed ogre, wielding two +0 giant clubs (heavily wounded)
The mass of ice explodes!
The iceblast engulfs the two-headed ogre.
The two-headed ogre is heavily wounded.
You sock the two-headed ogre!
The two-headed ogre is severely wounded.
The two-headed ogre hits you with a +0 giant club!
The two-headed ogre hits you with a +0 giant club.
You hit the two-headed ogre but do no damage.
The two-headed ogre is severely wounded.
The two-headed ogre hits you with a +0 giant club!!
The two-headed ogre hits you with a +0 giant club.
You barely miss the two-headed ogre.
The two-headed ogre is severely wounded.
The two-headed ogre hits you with a +0 giant club!!
You die...

#########
####.......######
#..'.[.@...#....#
#..#...O...#....#
#..#.......#...##
####......##>..##
#......#.....#
#......#.....#
#......##'##'###
#..............#
#..............#


You could see a two-headed ogre.

Vanquished Creatures
  Pargi (Sewer)
  A black bear (D:4)
  A phantom (D:4)
  A gnoll shaman (D:3)
  2 hounds
  A jelly (D:4)
  A centaur skeleton (D:4)
  Ijyb (D:3)
  An iguana (D:4)
  3 gnolls
  7 adders
  A white imp (D:5)
  3 worms
  3 orcs (D:4)
  5 ball pythons
  6 bats
  5 endoplasms
  3 giant cockroaches
  4 goblins
  5 hobgoblins
  3 jackals (D:1)
  A quokka (D:1)
  2 frilled lizards (D:3)
  11 kobolds
  6 rats
78 creatures vanquished.

Vanquished Creatures (others)
  16 plants (D:4)
16 creatures vanquished.

Grand Total: 94 creatures vanquished

Notes
Turn   | Place    | Note
-------+----------+-------------------------------------------
     0 | D:1      | Godmorgon the Minotaur Fighter began the quest for the Orb.
     0 | D:1      | Reached XP level 1. HP: 19/19 MP: 0/0
   218 | D:1      | Reached XP level 2. HP: 26/27 MP: 1/1
   227 | D:1      | Reached skill level 3 in Maces & Flails
  1333 | D:2      | Reached XP level 3. HP: 31/33 MP: 2/2
  1774 | D:3      | Noticed Ijyb
  1791 | D:3      | Killed Ijyb
  1792 | D:3      | Reached XP level 4. HP: 25/40 MP: 3/3
  1993 | D:3      | Found a glowing drain.
  2030 | Sewer    | Entered a sewer
  2115 | Sewer    | Noticed Pargi
  2124 | Sewer    | Killed Pargi
  2125 | Sewer    | Reached skill level 4 in Maces & Flails
  2125 | Sewer    | Reached skill level 1 in Throwing
  2125 | Sewer    | Reached XP level 5. HP: 34/47 MP: 4/4
  2256 | Sewer    | Identified the +0 tower shield "Gayfiv" {Harm rPois rCorr}
  3156 | D:4      | Reached XP level 6. HP: 50/53 MP: 5/5
  3305 | D:3      | Reached skill level 5 in Maces & Flails
  3791 | D:4      | Reached skill level 5 in Armour
  3853 | D:4      | Reached skill level 5 in Fighting
  3853 | D:4      | Reached skill level 5 in Shields
  4028 | D:4      | Reached skill level 6 in Maces & Flails
  4028 | D:4      | Reached XP level 7. HP: 52/61 MP: 6/6
  4399 | D:5      | Entered Level 5 of the Dungeon
  4399 | D:5      | Noticed a two-headed ogre
  4602 | D:5      | Slain by a two-headed ogre

Illustrated notes

Levels and vault maps discovered:
D:1:      evilmike_arrival_crescent, layout_loops_ring, minmay_misc_feat_rugged,
          minmay_box_of_dots
D:2:      layout_loops_cross, nrook_campfire, corexii_hall_statues_s
D:3:      layout_rooms, cheibrodos_sewer_entry_bend, uniq_ijyb
D:4:      layout_gridville, nicolae_grassy_gnolls
D:5:      layout_gridville, mainiacjoe_overflow_alcove_2,
          minmay_temple_entry_fiery

Skill      XL: |  1  2  3  4  5  6 |
---------------+-------------------+-----
Maces & Flails | 3 4 6 |  6.3
Armour         | 4 5 |  5.5
Fighting       | 4 5 |  5.6
Shields        | 4 5 |  5.0
Throwing       | 1 |  1.5

Action                   |  1- 3 |  4- 6 |  7- 9 || total
-------------------------+-------+-------+-------++-------
Melee: Flail             |    81 |   129 |    30 ||   240
       Headbutt          |    12 |    19 |     4 ||    35
Throw: Stone             |       |     9 |     7 ||    16
Evoke: Wand              |       |       |     3 ||     3
  Use: Potion            |       |     1 |       ||     1
Armor: Scale mail        |    36 |       |       ||    36
       Chain mail        |       |    87 |    15 ||   102
Dodge: Dodged            |    50 |    43 |     9 ||   102
Block: Buckler           |    22 |    31 |    11 ||    64
